 Dungeon Crawl Stone Soup version 0.32-a0-5-gbffa963729 (webtiles) character file.

Game seed: 7267986282728346183

375 shadizar the Magician (level 7, -1/50 HPs)
             Began as a Djinni Ice Elementalist on Jan 13, 2024.
             Slain by a wight
             ... wielding a +0 falchion
              (5 damage)
             ... on level 4 of the Dungeon.
             The game lasted 00:08:05 (3066 turns).

shadizar the Magician (Djinni Ice Elementalist)     Turns: 3066, Time: 00:08:06

Health: -1/50      AC:  5    Str:  7    XL:     7   Next: 3%
Gold:   298        EV: 13    Int: 18    God:
                   SH:  0    Dex: 14

rFire   + + +        k - +0 mace
rCold   x . .        (no shield)
rNeg    . . .        a - +0 robe
rPois   ∞            j - +0 helmet
rElec   .            (no cloak)
rCorr   .            f - +1 pair of gloves
SInv    .            (boots unavailable)
Will    .....        (no amulet)
Stlth   ++           l - ring of protection from fire
HPRegen 0.28/turn    (no ring)
MPRegen 0.00/turn

%: infuse magic (-2 HP)
@: flying
A: sickness immunity, fire resistance 2, cold vulnerability 1, float, innate
caster, HP casting, extra vitality 1
a: no special abilities


You were on level 4 of the Dungeon.
You visited 2 branches of the dungeon, and saw 5 of its levels.

You collected 298 gold pieces.

Inventory:

Hand Weapons
 k - a +0 mace (weapon)
Armour
 a - a +0 robe (worn)
 f - a +1 pair of gloves (worn)
 j - a +0 helmet (worn)
 n - a +1 chain mail of cold resistance
Jewellery
 l - a ring of protection from fire (left hand)
Scrolls
 b - a scroll of amnesia {unknown}
 e - 2 scrolls of identify {unknown}
 g - a scroll of blinking {unknown}
 i - a scroll of immolation {unknown}
 m - a scroll of teleportation {unknown}
 o - a scroll of fog {unknown}
 p - a scroll of revelation {unknown}
Potions
 c - a potion of curing {unknown}
 d - a potion of cancellation {unknown}
 h - a potion of attraction {unknown}


   Skills:
 + Level 3.6 Fighting
 - Level 3.2 Dodging
 - Level 2.5 Stealth
 + Level 4.9 Spellcasting
 + Level 4.9 Conjurations
 + Level 4.9 Hexes
 + Level 4.9 Summonings
 + Level 4.9 Necromancy
 + Level 4.9 Translocations
 + Level 4.9 Fire Magic
 + Level 4.9 Ice Magic
 + Level 4.9 Air Magic
 + Level 4.9 Earth Magic
 + Level 4.9 Alchemy


You knew the following spells:

 Your Spells              Type           Power      Damage    Failure   Level
a - Freeze                Ice            88%        1d9       1%          1
b - Frozen Ramparts       Ice            44%        1d7       5%          3
c - Ozocubu's Armour      Ice            22%        N/A       5%          3
d - Summon Ice Beast      Ice/Summ       22%        N/A       5%          3
e - Sandblast             Erth           44%        2d11      1%          1
f - Mercury Vapours       Alch/Air       44%        N/A       2%          2
g - Call Imp              Summ           44%        N/A       2%          2
Your spell library was empty.

Dungeon Overview and Level Annotations

Branches:
Dungeon (4/15)             Temple (1/1) D:4

Altars:
Cheibriados
Dithmenos
Elyvilon
Fedhas
Gozag
Hepliaklqana
Nemelex Xobeh
Okawaru
Qazlal
Ru
Trog
Uskayaw
Wu Jian
Xom
Yredelemnul
Zin

Shops:
D:2 ![


Innate Abilities, Weirdness & Mutations

You are immune to sickness and miasma.
You are immune to poison.
Your flesh is very heat resistant. (rF++)
You are vulnerable to cold. (rC-)
You float through the air rather than walking.
You learn spells naturally, not from books.
Your magical power is your life essence.
You have superior vitality. (+4 MHP)


Message History

The wight hits you with a +0 falchion.
Unknown command.
Casting: Sandblast (safe; 1% risk of failure)
Confirm with . or Enter, or press ? or * to list all spells.
Aiming: Sandblast (safe; 1% risk of failure)
Press: ? - help, Shift-Dir - straight line, f/p - wight
Aim: a wight, wielding a +0 falchion and wearing a +0 robe (heavily damaged, 83% to hit)
The blast of sand misses the wight.
The wight hits you but does no damage.
Unknown command.
Casting: Sandblast (safe; 1% risk of failure)
Confirm with . or Enter, or press ? or * to list all spells.
Aiming: Sandblast (safe; 1% risk of failure)
Press: ? - help, Shift-Dir - straight line, f/p - wight
Aim: a wight, wielding a +0 falchion and wearing a +0 robe (heavily damaged, 83% to hit)
The blast of sand hits the wight.
The wight is severely damaged.
The wight hits you with a +0 falchion.
* * * LOW HITPOINT WARNING * * *
The wight hits you but does no damage.
Casting: Sandblast (safe; 1% risk of failure)
Confirm with . or Enter, or press ? or * to list all spells.
Aiming: Sandblast (safe; 1% risk of failure)
Press: ? - help, Shift-Dir - straight line, f/p - wight
Aim: a wight, wielding a +0 falchion and wearing a +0 robe (severely damaged, 83% to hit)
The blast of sand misses the wight.
* * * LOW HITPOINT WARNING * * *
The wight hits you with a +0 falchion.
* * * LOW HITPOINT WARNING * * *
Casting: Sandblast (safe; 1% risk of failure)
Confirm with . or Enter, or press ? or * to list all spells.
Aiming: Sandblast (safe; 1% risk of failure)
Press: ? - help, Shift-Dir - straight line, f/p - wight
Aim: a wight, wielding a +0 falchion and wearing a +0 robe (severely damaged, 83% to hit)
The blast of sand hits the wight but does no damage.
The wight is severely damaged.
* * * LOW HITPOINT WARNING * * *
The wight hits you with a +0 falchion.
* * * LOW HITPOINT WARNING * * *
The wight hits you with a +0 falchion.
You die...

#.# #.# #.# #...## #># #.#
#.# ###.# #.# #:####.####....
#####.########.#.............
............##.#.#######..###
###########.##.#.# .#
#......#.# ..#
#########.###..#z# #####..#
#.........# #..#@# #......
#.#####.#.###.##.###...# .#
#.# #.#............#.#..# #.#
#.#.#.......))......# #.#
#....####...[<).....# #.#
#..#...##.#.##..#..## #.#
#...#.....#.##........ #.#
#.#.####..#.###.#.#### #.###
#.#.=####....# .#.#


You could see a wight.

Vanquished Creatures
  A jelly (D:4)
  2 orc wizards (D:3)
  2 adders
  A dart slug (D:1)
  A ribbon worm (D:3)
  8 orcs
  3 ball pythons
  2 endoplasms
  A giant cockroach (D:1)
  10 hobgoblins
  6 jackals
  5 quokkas
  6 bats
  3 frilled lizards
  5 goblins
  7 kobolds
  6 rats
69 creatures vanquished.

Vanquished Creatures (collateral kills)
  Sigmund (D:3)
  Terence (D:3)
  5 orcs (D:3)
  An endoplasm (D:3)
  A goblin (D:3)
  2 hobgoblins (D:3)
11 creatures vanquished.

Grand Total: 80 creatures vanquished

Notes
Turn   | Place    | Note
-------+----------+-------------------------------------------
     0 | D:1      | shadizar the Djinni Ice Elementalist began the quest for
                  | the Orb.
     0 | D:1      | shadizar set off with the following spells memorised:
                  | Freeze, Frozen Ramparts, Ozocubu's Armour, Summon Ice
                  | Beast.
     0 | D:1      | Reached XP level 1. HP: 15/15 MP: 0/0
    94 | D:1      | Reached XP level 2. HP: 20/21 MP: 0/0
   311 | D:1      | Reached XP level 3. HP: 24/25 MP: 0/0
   311 | D:1      | Learned a level 1 spell: Sandblast
   563 | D:1      | You are sucked into a shaft and drop 1 floor!
   804 | D:2      | Found Mischysu's Armour Emporium.
   889 | D:2      | Reached XP level 4. HP: 28/31 MP: 0/0
   964 | D:2      | Found Sywenuy's Distillery.
  1688 | D:3      | Noticed Sigmund
  2016 | D:3      | Killed Sigmund
  2017 | D:3      | Reached XP level 5. HP: 25/39 MP: 0/0
  2017 | D:3      | Learned a level 2 spell: Mercury Vapours
  2017 | D:3      | Reached XP level 6. HP: 29/45 MP: 0/0
  2571 | D:3      | Noticed Terence
  2580 | D:3      | Killed Terence
  2749 | D:3      | Found a basalt altar of Yredelemnul.
  2751 | D:3      | Found a white marble altar of Elyvilon.
  2752 | D:3      | Found a shimmering altar of Xom.
  2755 | D:3      | Found a sparkling altar of Nemelex Xobeh.
  2858 | D:4      | Found a staircase to the Ecumenical Temple.
  2886 | Temple   | Entered the Ecumenical Temple
  2915 | D:4      | Reached XP level 7. HP: 46/50 MP: 0/0
  2915 | D:4      | Learned a level 2 spell: Call Imp
  3066 | D:4      | Slain by a wight

Illustrated notes

Levels and vault maps discovered:
D:1:      roadster_arrival_rocket_large, layout_rooms, corexii_corridor_pit
D:2:      layout_loops_ring, serial_forest, infiniplex_forest_lined_corner,
          infiniplex_forest_straight_4, infiniplex_forest_clump_small,
          infiniplex_forest_lined_1, infiniplex_forest_straight_5,
          infiniplex_forest_corner_2, infiniplex_forest_clump_double,
          infiniplex_forest_clump_long, serial_shops, shop, shop
D:3:      layout_loops_ring, minitemple, uniq_sigmund, uniq_terence
D:4:      layout_loops_ring, minmay_temple_entry_wispy, serial_shops,
          kennysheep_mini_moat, minmay_manual_mess, uniq_edmund
Temple:   nicolae_temple_no_exploring_needed

Skill      XL: |  1  2  3  4  5  6 |
---------------+-------------------+-----
Stealth        | 2 |  2.5
Dodging        | 3 |  3.2
Spellcasting   | 4 |  4.9
Conjurations   | 4 |  4.9
Hexes          | 4 |  4.9
Summonings     | 4 |  4.9
Necromancy     | 4 |  4.9
Translocations | 4 |  4.9
Fire Magic     | 4 |  4.9
Ice Magic      | 4 |  4.9
Air Magic      | 4 |  4.9
Earth Magic    | 4 |  4.9
Alchemy        | 4 |  4.9
Fighting       | 2 3 |  3.6

Action                     |  1- 3 |  4- 6 |  7- 9 || total
---------------------------+-------+-------+-------++-------
  Melee: Unarmed           |     1 |    40 |       ||    41
         Mace              |       |     9 |       ||     9
   Cast: Freeze            |    51 |    56 |    11 ||   118
         Summon Ice Beast  |       |     3 |     2 ||     5
         Mercury Vapours   |       |     6 |       ||     6
         Ozocubu's Armour  |       |     1 |       ||     1
         Frozen Ramparts   |       |     1 |       ||     1
         Sandblast         |       |       |     6 ||     6
 Armour: Robe              |    20 |    43 |    14 ||    77
  Dodge: Dodged            |    36 |    50 |     9 ||    95

Table legend: (Time is in decaauts)
 A = Elapsed time spent in this place.
 B = Non-inter-level travel time spent in this place.
 C = Inter-level travel time spent in this place.
 D = Time resting spent in this place.
 E = Time spent auto-exploring this place.
 F = Levels seen in this place.
 G = Mean time per level.
                   A        B        C        D        E       F      G
               +--------+--------+--------+--------+--------+-----+--------+
         Total |   3071 |   2903 |    168 |      0 |   2048 |   5 |  614.2 |
       Dungeon |   3070 |   2902 |    168 |      0 |   2048 |   4 |  767.5 |
        Temple |      1 |      1 |      0 |      0 |      0 |   1 |    1.0 |
               +--------+--------+--------+--------+--------+-----+--------+

Top non-repeatable levels by time:
     D:2: 1130 daAuts
     D:3: 932 daAuts
     D:1: 728 daAuts
     D:4: 278 daAuts
  Temple: 1 daAuts
